 Dungeon Crawl Stone Soup version 0.28-a0-381-g937acc2988 (webtiles) character file.

Game seed: 17542770451088454056

88 jdzakarian the Skirmisher (level 4, -12/49 HPs)
             Began as an Ogre Berserker on Sept 1, 2021.
             Was a Believer of Trog.
             Mangled by Sigmund (25 damage)
             ... on level 3 of the Dungeon.
             The game lasted 00:12:49 (3385 turns).

jdzakarian the Skirmisher (Ogre Berserker)          Turns: 3385, Time: 00:12:49

Health: -12/49     AC:  4    Str: 21    XL:     4   Next: 53%
Magic:  4/4        EV: 10    Int:  8    God:    Trog [**....]
Gold:   118        SH:  0    Dex:  9    Spells: 3/3 levels left

rFire   + . .      SeeInvis .   a - +0 spear
rCold   . . .      Faith    .   (no shield)
rNeg    . . .      Spirit   .   b - +1 animal skin
rPois   .          Reflect  .   (helmet restricted)
rElec   .          Harm     .   (no cloak)
rCorr   .          Rampage  .   (gloves unavailable)
Will    .....                   (boots unavailable)
Stlth   +.........              (no amulet)
HPRegen 0.16/turn               c - ring of protection from fire
MPRegen 0.09/turn               (no ring)

@: studying Bows
A: large, unfitting armour, tough skin 1
a: Renounce Religion, Berserk, Trog's Hand


You were on level 3 of the Dungeon.
You worshipped Trog.
Trog was pleased with you.
You visited 1 branch of the dungeon, and saw 3 of its levels.

You collected 154 gold pieces.
You spent 36 gold pieces at shops.

Inventory:

Hand Weapons
 a - a +0 spear (weapon)
Armour
 b - a +1 animal skin (worn)
Jewellery
 c - a ring of protection from fire (left hand)
Scrolls
 f - 3 scrolls of identify
 g - a scroll of torment
Potions
 e - a potion of flight


   Skills:
 + Level 4.8 Fighting
 + Level 4.0 Polearms
 + Level 3.3 Dodging
 + Level 0.4 Stealth


You had 3 spell levels left.
You didn't know any spells.
Your spell library contained the following spells:

 Spells                   Type           Power      Damage    Failure   Level
 Shock                    Conj/Air       0%         1d3       41%         1
 Summon Small Mammal      Summ           0%         N/A       41%         1
 Call Canine Familiar     Summ           0%         N/A       78%         3
 Summon Guardian Golem    Hex/Summ       0%         N/A       78%         3
 Swiftness                Air            0%         N/A       78%         3
 Airstrike                Air            0%         N/A       99%         4


Dungeon Overview and Level Annotations

Branches:
Dungeon (3/15)

Altars:

Shops:
D:1 *   D:2 [

Annotations:
D:3 Sigmund


Innate Abilities, Weirdness & Mutations

You are too large for most types of armour.
You have tough skin. (AC +1)


Message History

You are confused.
Something hits you.
* * * LOW HITPOINT WARNING * * *
You blink.
You feel less confused.
Okay, then.
The frilled lizard hisses angrily.
There is a stone staircase leading up here.
You climb upwards.
Reactivating autopickup.
There is a stone staircase leading down here.
You start resting.
HP restored.
There is a stone staircase leading down here.
You climb downwards.
Level annotation: Sigmund The frilled lizard bites you.
Sigmund gestures wildly while chanting.
Sigmund flickers and vanishes!
Deactivating autopickup; reactivate with Ctrl-A.
The frilled lizard barely misses you.
There is a stone staircase leading up here.
Something hits you but does no damage.
You miss something. Something hits you but does no damage.
You blink.
The frilled lizard bites you. Something hits you but does no damage.
The frilled lizard bites you but does no damage.
You barely miss the frilled lizard. The frilled lizard bites you.
Something hits you!
You hit the frilled lizard.
You kill the frilled lizard!
Trog accepts your kill. Something hits you!
You start resting.
Something hits you!
You blink.
Something hits you.
* * * LOW HITPOINT WARNING * * *
Space warps horribly around you!!
Ouch! That really hurt!
You die...

#..÷)...# #......# #
#.....<.# #.##..## ..
#.......# #.....###...
###.##### ###..........
#......###...........#
#..........#....######
#....§..........######
#.....)....#..........##
#......##@.......####...
#......##<.......####..
#.#######.............###
#.# ####(.####..#... #.#
###...#......#
##.########............#
#.......##..#..#......(#
#.......#..##..##......###
#.......#.###..##........##


There were no monsters in sight!

Vanquished Creatures
  3 adders
  3 dart slugs (D:1)
  3 orcs (D:3)
  4 ball pythons
  4 endoplasms
  A giant cockroach (D:1)
  6 goblins
  6 hobgoblins
  2 jackals (D:1)
  3 kobolds
  2 quokkas
  3 bats
  4 frilled lizards
  2 rats
46 creatures vanquished.

Notes
Turn   | Place    | Note
-------+----------+-------------------------------------------
     0 | D:1      | jdzakarian the Ogre Berserker began the quest for the Orb.
     0 | D:1      | Reached XP level 1. HP: 24/24 MP: 1/1
    14 | D:1      | Found a faded altar of an unknown god.
   224 | D:1      | Reached XP level 2. HP: 32/32 MP: 2/2
   413 | D:1      | Found Fehean's Assorted Antiques.
   424 | D:1      | Bought a bubbling emerald potion for 18 gold pieces
   424 | D:1      | Bought a lumpy emerald potion for 18 gold pieces
   926 | D:1      | Reached XP level 3. HP: 40/40 MP: 3/3
  1736 | D:2      | Reached ** piety under Trog
  1931 | D:2      | Found Suor's Armour Shop.
  2348 | D:3      | Reached XP level 4. HP: 38/49 MP: 4/4
  2695 | D:3      | Noticed Sigmund
  3385 | D:3      | Mangled by Sigmund

Illustrated notes

Levels and vault maps discovered:
D:1:      eino_arrival_druids_welcome, layout_basic, serial_shops,
          nicolae_shop_overgrown_old_shop,
          hellmonk_ecumenical_altar_pennies_from_heaven
D:2:      layout_rooms, serial_shops, nicolae_shop_behind_doors,
          minmay_misc_feat_nine_boxes, st_stairs_9
D:3:      layout_rooms, uniq_sigmund

Skill      XL: |  1  2  3  4 |
---------------+-------------+-----
Dodging        | 3 |  3.3
Polearms       | 4 |  4.0
Fighting       | |  4.8
Stealth        | |  0.4

Action                   |  1- 3 |  4- 6 || total
-------------------------+-------+-------++-------
Melee: Spear             |   131 |    68 ||   199
  Use: Scroll            |     4 |     1 ||     5
       Potion            |     2 |       ||     2
 Stab: Sleeping          |     1 |       ||     1
Armor: Animal skin       |    57 |    14 ||    71
Dodge: Dodged            |    68 |    33 ||   101

Table legend: (Time is in decaauts)
 A = Elapsed time spent in this place.
 B = Non-inter-level travel time spent in this place.
 C = Inter-level travel time spent in this place.
 D = Time resting spent in this place.
 E = Time spent auto-exploring this place.
 F = Levels seen in this place.
 G = Mean time per level.
                   A        B        C        D        E       F      G
               +--------+--------+--------+--------+--------+-----+--------+
         Total |   3372 |   3372 |      0 |    962 |   1607 |   3 | 1124.0 |
       Dungeon |   3372 |   3372 |      0 |    962 |   1607 |   3 | 1124.0 |
               +--------+--------+--------+--------+--------+-----+--------+

Top non-repeatable levels by time:
     D:1: 1675 daAuts
     D:2: 865 daAuts
     D:3: 832 daAuts
